 Dungeon Crawl Stone Soup version 0.31-a0-112-gdf0485fa37 (webtiles) character file.

Game seed: 3274396354366405954

142204 Conn the Scorcher (level 17, -6/99 HPs)
             Began as an Octopode Fire Elementalist on May 28, 2023.
             Was the Champion of Sif Muna.
             Mangled by a spriggan rider
             ... wielding a +0 spear
              (25 damage)
             ... on level 4 of the Swamp.
             The game lasted 01:53:43 (29359 turns).

Conn the Scorcher (Octopode Fire Elementalist)     Turns: 29359, Time: 01:53:44

Health: -6/99      AC:  7    Str: 13    XL:     17   Next: 34%
Magic:  4/43       EV: 15    Int: 29    God:    Sif Muna [******]
Gold:   1918       SH:  6    Dex: 17    Spells: 3/43 levels left

rFire   + + .        b - staff of fire
rCold   x . .        X - +0 buckler
rNeg    + . .        u - +2 hat
rPois   +            q - amulet of magic regeneration
rElec   .            m - +6 ring of strength
rCorr   +            S - ring of flight
SInv    .            E - +6 ring of intelligence
Will    +....        (no ring)
Stlth   +++++        G - ring of the Heavens {rPois rCorr AC+4}
HPRegen 0.36/turn    t - ring of fire
MPRegen 0.68/turn    Y - ring of magical power
                     d - ring of positive energy

%: clarity
@: flying, studying Shields
A: almost no armour, amphibious, 8 rings, camouflage 1, gelatinous body 1,
(nimble swimmer 1), tentacles, agile 1, clarity
a: Renounce Religion, Channel Magic, Forget Spell, Divine Exegesis


You were on level 4 of the Swamp.
You worshipped Sif Muna.
Sif Muna was exalted by your worship.
You visited 5 branches of the dungeon, and saw 26 of its levels.
You visited the Abyss 1 time.
You also visited: Bailey and Ice Cave.

You collected 2196 gold pieces.
You spent 278 gold pieces at shops.

Inventory:

Hand Weapons
 a - a +6 flail of protection
 D - the +6 dagger of Dissent {freeze, rC+ Str+3 Int+3}
   (You found it on level 9 of the Dungeon)

   Str:       It affects your strength (+3).
   Int:       It affects your intelligence (+3).
   rC:        It protects you from cold.
 H - the +5 hand axe of the Dull God {drain, *Slow +Blink Int+3}
   (You found it on level 9 of the Dungeon)

   Int:       It affects your intelligence (+3).
   +Blink:    It lets you blink.
   *Slow:     It may slow you when you take damage.
Missiles
 c - 6 throwing nets
 s - 20 curare-tipped darts
Armour
 u - a +2 hat (worn)
 X - a +0 buckler (worn)
Magical Staves
 b - a staff of fire (weapon)
Jewellery
 d - a ring of positive energy (on tentacle)
 f - a ring of ice
 m - a +6 ring of strength (left tentacle)
 q - an amulet of magic regeneration (around mantle)
 t - a ring of fire (on tentacle)
 A - an amulet of the acrobat
 E - a +6 ring of intelligence (on tentacle)
 G - the ring of the Heavens (on tentacle) {rPois rCorr AC+4}
   (You acquired it on level 5 of the Lair of Beasts)

   [ring of protection]

   AC:        It affects your AC (+4).
   rPois:     It protects you from poison.
   rCorr:     It protects you from acid and corrosion.
 S - a ring of flight (right tentacle)
 T - a ring of ice
 Y - a ring of magical power (on tentacle)
Wands
 i - a wand of flame (43)
 l - a wand of roots (16)
 F - a wand of charming (19)
 J - a wand of polymorph (22)
 L - a wand of mindburst (12)
Scrolls
 e - 8 scrolls of immolation
 p - 4 scrolls of amnesia
 y - a scroll of blinking
 C - 8 scrolls of teleportation
 K - 3 scrolls of fog
 U - 3 scrolls of summoning
 V - 3 scrolls of magic mapping
Potions
 h - 3 potions of mutation
 j - 2 potions of enlightenment
 k - 2 potions of cancellation
 o - 2 potions of magic
 v - 5 potions of curing
 w - 4 potions of lignification
 x - 3 potions of brilliance
 z - 2 potions of might
 M - 5 potions of ambrosia
 N - 3 potions of resistance
 P - 6 potions of heal wounds
 W - a potion of invisibility
Miscellaneous
 O - a tin of tremorstones (2/2)


   Skills:
 + Level 4.0 Fighting
 + Level 1.2 Short Blades
 + Level 0.4 Staves
 + Level 5.0 Dodging
 + Level 6.8 Stealth
 + Level 8.4 Shields
 + Level 0.5 Unarmed Combat
 + Level 13.8 Spellcasting
 + Level 14.9 Conjurations
 - Level 3.0 Hexes
 + Level 4.4 Summonings
 - Level 6.0 Translocations
 + Level 15.1 Fire Magic
 + Level 7.8 Ice Magic
 + Level 0.6 Earth Magic
 * Level 11.0 Invocations


You had 3 spell levels left.
You knew the following spells:

 Your Spells              Type           Power      Damage    Failure   Level
a - Foxfire               Conj/Fire      100%       2x1d9     0%          1
b - Scorch                Fire           100%       2d9       0%          2
c - Inner Flame           Hex/Fire       100%       N/A       1%          3
d - Flame Wave            Conj/Fire      100%       2d21      1%          4
e - Summon Small Mammal   Summ           100%       N/A       1%          1
f - Stone Arrow           Conj/Erth      100%       3d13      1%          3
g - Iskenderun's Mystic   Conj/Tloc      69%        2d14      1%          4
h - Starburst             Conj/Fire      63%        6d17      1%          6
i - Blink                 Tloc           100%       N/A       1%          2
j - Metabolic Englaciati  Hex/Ice        25%        N/A       10%         5
k - Fulminant Prism       Conj/Hex       32%        3d16      1%          4
l - Fireball              Conj/Fire      63%        3d24      1%          5

Your spell library contained the following spells:

 Spells                   Type           Power      Damage    Failure   Level
 Magic Dart               Conj           100%       1d8       0%          1
 Apportation              Tloc           100%       N/A       1%          1
 Lesser Beckoning         Tloc           100%       N/A       1%          2
 Momentum Strike          Conj/Tloc      100%       3d10      1%          2
 Dazzling Flash           Conj/Hex       100%       N/A       1%          3
 Frozen Ramparts          Ice            100%       1d16      1%          3
 Portal Projectile        Hex/Tloc       92%        N/A       1%          3
 Summon Guardian Golem    Hex/Summ       41%        N/A       1%          3
 Volatile Blastmotes      Fire/Tloc      100%       2d18      1%          3
 Sandblast                Erth           46%        2d11      2%          1
 Necrotise                Necr           80%        1d8       3%          1
 Passwall                 Tmut/Erth      17%        N/A       4%          2
 Sticky Flame             Conj/Fire      100%       2d11      1%          4
 Passage of Golubria      Tloc           53%        N/A       2%          4
 Summon Ice Beast         Ice/Summ       54%        N/A       2%          4
 Freezing Cloud           Conj/Ice/Air   29%        6-21      4%          5
 Irradiate                Conj/Tmut      29%        3d21      4%          5
 Ice Form                 Ice/Tmut       42%        N/A       6%          4
 Orb of Destruction       Conj           41%        9d11      6%          7
 Leda's Unmaking          Conj/Erth      30%        9d5       21%         6
 Conjure Ball Lightning   Conj/Air       29%        3x3d8     22%         6
 Plasma Beam              Fire/Air       48%        2x1d69    22%         6
 Petrify                  Tmut/Erth      21%        N/A       28%         4
 Animate Dead             Necr           20%        N/A       32%         4
 Dispersal                Tloc           26%        N/A       38%         6
 Spellforged Servitor     Conj/Summ      33%        N/A       45%         7
 Lee's Rapid Deconstruct  Erth           11%        3d8*      56%         5
 Borgnjor's Vile Clutch   Necr/Erth      10%        N/A       61%         5
 Summon Cactus Giant      Summ           23%        N/A       61%         6
 Death Channel            Necr           10%        N/A       99%         6
 Statue Form              Tmut/Erth      14%        N/A       99%         6
 Summon Hydra             Summ           23%        N/A       99%         7
 Haunt                    Necr/Summ      16%        N/A       100%        7


Dungeon Overview and Level Annotations

Branches:
Dungeon (14/15)            Temple (1/1) D:7            Lair (5/5) D:11
  Swamp (4/4) Lair:2        Snake (0/4) Lair:2        Slime (0/5) Lair:5
    Orc (2/2) D:12            Elf (0/3) Orc:2        Vaults (0/5) D:13
 Bailey (visited)           IceCv (visited)

Altars:
Ashenzari
Cheibriados
Dithmenos
Elyvilon
Fedhas
Gozag
Hepliaklqana
Kikubaaqudgha
Makhleb
Nemelex Xobeh
Okawaru
Qazlal
Ru
Sif Muna
Trog
Uskayaw
Vehumet
Wu Jian
Xom
Yredelemnul
Zin
The Shining One
Jiyva
Lugonu

Shops:
Orc:2 ![**

Portals:
Abyss: Lair:5

Annotations:
D:14 2 transporters, Xuittil's ghost, journeyman OpCK
Lair:5 1 runed translucent door
Swamp:4 2 transporters, Gaskiar's ghost, adept FoHu


Innate Abilities, Weirdness & Mutations

You cannot wear most types of armour.
You are amphibious.
You can wear up to eight rings at the same time.
Your skin changes colour to match your surroundings (Stealth+).
Your rubbery body absorbs attacks. (AC +1, EV +1)
((You are camouflaged when in or above water. (Stealth+)))
You have tentacles for arms and can constrict up to eight enemies at once.
You are agile. (Dex +4, Str/Int -1)
You possess an exceptional clarity of mind.


Message History

You hear an explosion!
You hear an angry hiss.
You hear a deafening roar!
Unknown command.
A fire crab comes into view.
The fire dragon is no longer moving slowly.
The fire dragon breathes flames at you. The blast of flame hits you!
You resist.
* * * LOW HITPOINT WARNING * * *
The four-headed hydra roars!
You hear a roar! x2
Casting: Fulminant Prism (mildly dangerous; 1% risk of failure)
Confirm with . or Enter, or press ? or * to list all spells.
Casting: Starburst (dangerous; 1% risk of failure)
Press: ? - help, Dir - look around, f - activate You feel a strong surge of power!
The mangrove smoulders and burns. x2
The bolt of fire hits the swamp dragon!!!
You kill the swamp dragon!
Sif Muna accepts your kill.
You hear a splash.
The swamp dragon scales are intact enough to wear.
The mangrove smoulders and burns. x2; You smell burning wood.
Your surroundings suddenly seem different.
A spriggan rider comes into view. It is wielding a +0 spear.
The spriggan rider shouts!
You hear a deafening roar!
Casting: Starburst (dangerous; 1% risk of failure)
Confirm with . or Enter, or press ? or * to list all spells.
Aiming: Fireball (mildly dangerous; 1% risk of failure)
Press: ? - help, Shift-Dir - straight line, f - spriggan rider
Aim: a spriggan rider, wielding a +0 spear and wearing a +2 buckler You feel a strong surge of power!
The fireball explodes!
The fireball engulfs the spriggan rider!!
The spriggan rider is heavily wounded.
The mangrove smoulders and burns.
Casting: Fireball (mildly dangerous; 1% risk of failure)
Confirm with . or Enter, or press ? or * to list all spells.
You don't have enough magic to cast this spell.
You feel much better.
The spriggan rider hits you from afar with a +0 spear!!
* * * LOW HITPOINT WARNING * * *
Okay, then.
The spriggan rider hits you from afar with a +0 spear!!
You die...

~.~.~♣ ♣~♣♣♣♣
♣♣♣♣.~~~~♣##..
~♣..§§.~♣♣♣♣.. ♣~~..~§.♣#
.§~~§~~~♣♣..~~ ♣..~~..~~♣#
..♣♣.~§~..~.~~ ♣..~~~...~♣
§♣♣♣♣~~.~~....♣♣♣......~.♣
~.~.~♣~~~~~~♣~~~.~♣~...§~~
..~..~~.~~~§☼☼~~~~.~.~~~~~
..~~.~~..~~....~~~...~~~~~
.~♣.....~.....i~@~♣♣.~.~~~
~~♣♣♣~♣..~...~~~~♣♣ ~...~~
......♣.~~~~~~§~..♣ ♣..~♣.
#####...~~~~~~~~~.♣ .~ #
F.###.~~~~~~....♣♣
..(.#.~~~~~~~~~..♣♣ #.#
..#.~~§~~~~~~..~~ #.#W?
#..~~~~~~~~~.~. ..F.#
#.♣..~[~~~~.~~


You could see a spriggan rider.

Vanquished Creatures
  Saint Roka (Orc:2)
  A thorn hunter (Swamp:4)
  A ghoul (Swamp:4)
  An orc warlord (Orc:2)
  2 eleionomae (Swamp:3)
  5 bunyips
  Azrael (D:12)
  The ghost of Rofexkur the Marksdraconian, a journeyman DrHu of Hepliaklqana (Lair:5)
  The ghost of Odexios the Fighter, a journeyman HOMo of Beogh (D:10)
  11 hydras
  5 vault guards (D:13)
  7 two-headed ogres
  3 centaur warriors
  A ghost crab (Swamp:4)
  Erica (D:8)
  A tengu warrior (D:14)
  16 alligators
  5 death yaks (Lair:3)
  4 thrashing horrors (Lair:5)
  4 orc high priests (Orc:2)
  A skyshark (Lair:4)
  7 spriggan druids
  2 death drakes (Swamp:4)
  3 goliath frogs
  5 swamp dragons
  2 wizards
  7 bog bodies
  5 orc knights
  3 deep elf pyromancers
  2 wolf spiders (Lair:3)
  7 orc sorcerers
  14 ugly things
  7 cyclopes
  8 will-o-the-wisps
  4 manticores
  A large abomination (Lair:5)
  11 elephants
  5 black mambas
  2 smoke demons (Lair:5)
  2 gargoyles
  5 cane toads
  An ice statue (IceCv)
  8 komodo dragons
  3 rime drakes
  3 kobold demonologists (D:10)
  A tengu conjurer (D:13)
  An anaconda simulacrum (IceCv)
  Grinder (D:5)
  2 ancient zymes (Lair:5)
  9 trolls
  2 bloated husks
  A queen bee (Lair:5)
  8 tyrant leeches
  3 polar bears
  A meliai (Lair:5)
  10 hornets
  Prince Ribbit (D:6)
  23 blink frogs
  2 dream sheep (D:11)
  14 spriggans
  Sigmund (D:6)
  A ynoxinul (Lair:5)
  6 wyverns
  A dire elephant simulacrum (IceCv)
  2 wraiths
  46 yaks
  5 basilisks
  A vampire (D:12)
  6 steam dragons
  11 vampire mosquitoes
  3 chaos spawn (Lair:5)
  Menkaure (D:5)
  3 death yak simulacra (IceCv)
  A harpy simulacrum (IceCv)
  11 swamp worms
  4 wargs
  6 small abominations (Lair:5)
  3 acid dragons
  10 water moccasins
  4 hell hounds (D:12)
  Edmund (D:5)
  Duvessa (D:4)
  3 swamp drakes
  A sky beast (D:7)
  56 orc warriors
  A black bear (D:11)
  7 wolves
  2 phantoms
  12 ogres
  13 centaurs
  Blork the orc (D:6)
  14 kobold brigands
  9 bullfrogs
  2 gnoll sergeants
  5 two-headed ogre simulacra (IceCv)
  2 necrophages (Swamp:4)
  2 cane toad simulacra (IceCv)
  6 scorpions
  7 wights
  Dowan (D:4)
  5 killer bees (Lair:5)
  3 elephant simulacra (IceCv)
  2 electric eels (Lair:5)
  4 howler monkeys
  3 hounds
  21 orc priests
  Crazy Yiuf (D:6)
  3 gnoll boudas
  2 sleepcaps
  Ijyb (D:5)
  6 iguanas
  12 orc wizards
  4 hell rats (Lair:4)
  2 polar bear simulacra (IceCv)
  5 troll simulacra (IceCv)
  A wolf simulacrum (IceCv)
  6 spriggan simulacra (IceCv)
  7 adders
  26 gnolls
  6 naga simulacra (IceCv)
  3 white imps
  10 ufetubi (IceCv)
  5 dart slugs
  117 orcs
  4 endoplasms
  A giant cockroach (D:2)
  10 goblins
  6 hobgoblins
  6 jackals
  2 quokkas
  11 ball pythons
  9 bats
  4 frilled lizards
  11 kobolds
  4 rats
  2 butterflies (Lair:4)
866 creatures vanquished.

Vanquished Creatures (collateral kills)
  10 foxfires
10 creatures vanquished.

Vanquished Creatures (others)
  A bog body (Swamp:1)
  A swamp drake (Swamp:4)
  1253 foxfires
  2 fulminant prisms
1257 creatures vanquished.

Grand Total: 2133 creatures vanquished

Notes
Turn   | Place    | Note
-------+----------+-------------------------------------------
     0 | D:1      | Conn the Octopode Fire Elementalist began the quest for the
                  | Orb.
     0 | D:1      | Reached XP level 1. HP: 11/11 MP: 3/3
   142 | D:1      | Reached XP level 2. HP: 17/17 MP: 0/5
   401 | D:1      | Reached XP level 3. HP: 21/21 MP: 0/6
  1137 | D:2      | Found a faded altar of an unknown god.
  1526 | D:2      | Reached XP level 4. HP: 22/27 MP: 4/7
  2020 | D:3      | Reached skill level 1 in Fighting
  2020 | D:3      | Reached XP level 5. HP: 20/33 MP: 1/9
  2176 | D:3      | Found an opulent altar of Gozag.
  2379 | D:3      | Found a broken altar of Ashenzari.
  3135 | D:4      | Noticed Duvessa
  3137 | D:4      | Noticed Dowan
  3154 | D:3      | Learned a level 2 spell: Scorch
  3158 | D:3      | Learned a level 3 spell: Inner Flame
  3163 | D:3      | Learned a level 4 spell: Flame Wave
  3349 | D:4      | Found a white marble altar of Elyvilon.
  3355 | D:4      | Reached skill level 4 in Fire Magic
  3424 | D:4      | Reached XP level 6. HP: 38/38 MP: 4/10
  3438 | D:4      | Gained mutation: You are agile. (Dex +4, Str/Int -1)
                  | [potion of mutation]
  3438 | D:4      | Gained mutation: You possess an exceptional clarity of
                  | mind. [potion of mutation]
  3439 | D:4      | Killed Duvessa
  3451 | D:5      | Entered Level 5 of the Dungeon
  3613 | D:5      | Noticed Menkaure
  3623 | D:5      | Killed Menkaure
  3624 | D:5      | Reached XP level 7. HP: 43/43 MP: 6/12
  3704 | D:5      | Found an ornate altar of the Wu Jian Council.
  3705 | D:5      | Noticed Ijyb
  3708 | D:5      | Killed Ijyb
  3709 | D:5      | Reached skill level 5 in Stealth
  4004 | D:5      | Reached skill level 1 in Hexes
  4004 | D:5      | Reached skill level 5 in Fire Magic
  4014 | D:5      | Reached XP level 8. HP: 25/50 MP: 1/14
  4188 | D:5      | Learned a level 1 spell: Summon Small Mammal
  4242 | D:4      | Killed Dowan
  4916 | D:5      | Found an iron altar of Okawaru.
  5135 | D:5      | Learned a level 3 spell: Stone Arrow
  5147 | D:5      | Noticed Edmund
  5165 | D:6      | Reached skill level 1 in Summonings
  5187 | D:5      | Noticed Grinder
  5301 | D:5      | Killed Edmund
  5302 | D:5      | Reached skill level 1 in Short Blades
  5302 | D:5      | Reached skill level 5 in Spellcasting
  5312 | D:5      | Killed Grinder
  5573 | D:6      | Reached skill level 6 in Fire Magic
  5582 | D:6      | Reached XP level 9. HP: 54/54 MP: 11/17
  5588 | D:6      | Reached skill level 5 in Conjurations
  5601 | D:6      | Noticed Prince Ribbit
  5623 | D:6      | Killed Prince Ribbit
  5624 | D:6      | Noticed Sigmund
  5662 | D:6      | Killed Sigmund
  5839 | D:6      | Noticed Blork the orc
  5854 | D:6      | Killed Blork the orc
  6117 | D:6      | Found a runed translucent door.
  6118 | D:6      | Noticed Crazy Yiuf
  6123 | D:6      | Killed Crazy Yiuf
  6231 | D:6      | Found a burning altar of Makhleb.
  6302 | D:7      | Reached skill level 7 in Fire Magic
  6535 | D:7      | Reached XP level 10. HP: 42/60 MP: 11/20
  6540 | D:7      | Found a flagged portal.
  6647 | Bailey   | Entered a bailey
  7302 | Bailey   | Reached skill level 8 in Fire Magic
  7415 | Bailey   | Reached XP level 11. HP: 64/64 MP: 22/22
  7416 | Bailey   | Noticed an orc knight
  7426 | Bailey   | Killed an orc knight
  7744 | D:7      | Found a staircase to the Ecumenical Temple.
  7758 | Temple   | Entered the Ecumenical Temple
  7775 | Temple   | Became a worshipper of Sif Muna the Loreminder
  7993 | D:7      | Learned a level 4 spell: Iskenderun's Mystic Blast
  8000 | D:7      | Learned a level 6 spell: Starburst
  8552 | D:8      | Noticed Erica
  8562 | D:8      | Killed Erica
  9157 | D:9      | Found a sparkling altar of Nemelex Xobeh.
  9376 | D:9      | Identified the +6 dagger of Dissent {freeze, rC+ Str+3
                  | Int+3}
  9428 | D:9      | Reached * piety under Sif Muna
  9430 | D:9      | Reached skill level 9 in Fire Magic
  9445 | D:9      | Found an ancient bone altar of Kikubaaqudgha.
  9471 | D:9      | Identified the +5 hand axe of the Dull God {drain, *Slow
                  | +Blink Int+3}
  9818 | D:9      | Found a stormy altar of Qazlal.
  9977 | D:10     | Entered Level 10 of the Dungeon
 10062 | D:10     | Noticed Odexios's ghost (journeyman HOMo)
 10064 | D:10     | Found a runed translucent gate.
 10065 | D:10     | Found a runed translucent gate.
 10065 | D:10     | Found a runed translucent gate.
 10343 | D:10     | Reached XP level 12. HP: 59/71 MP: 11/24
 10620 | D:10     | Found a blossoming altar of Fedhas.
 10923 | D:10     | Killed Odexios's ghost
 10936 | Abyss:1  | Cast into level 1 of the Abyss (kobold brigand)
 10939 | Abyss:1  | Found a corrupted altar of Lugonu.
 10964 | D:10     | Escaped the Abyss
 11287 | D:11     | Reached skill level 1 in Invocations
 11406 | D:11     | Reached skill level 10 in Fire Magic
 11572 | D:11     | Noticed a two-headed ogre
 11580 | D:11     | Killed a two-headed ogre
 11584 | D:11     | Reached ** piety under Sif Muna
 12008 | D:11     | Noticed a three-headed hydra
 12012 | D:11     | Killed a three-headed hydra
 12013 | D:11     | Reached skill level 10 in Spellcasting
 12293 | D:11     | Found a staircase to the Lair.
 12318 | Lair:1   | Entered Level 1 of the Lair of Beasts
 12436 | Lair:1   | Reached skill level 11 in Fire Magic
 13055 | Lair:2   | Reached XP level 13. HP: 76/76 MP: 9/27
 13230 | Lair:2   | Found a staircase to the Snake Pit.
 13438 | Lair:2   | Found a staircase to the Swamp.
 13663 | Lair:2   | Reached *** piety under Sif Muna
 13918 | Lair:3   | Reached skill level 5 in Invocations
 13925 | Lair:3   | Reached skill level 12 in Fire Magic
 14212 | Lair:3   | Reached skill level 1 in Translocations
 14476 | Lair:3   | Learned a level 2 spell: Blink
 14482 | Lair:3   | Learned a level 5 spell: Metabolic Englaciation
 14940 | Lair:4   | Reached skill level 1 in Ice Magic
 15300 | Lair:4   | Reached **** piety under Sif Muna
 15522 | Lair:4   | Reached XP level 14. HP: 81/81 MP: 24/29
 15566 | Lair:4   | Found a frozen archway.
 15578 | IceCv    | Entered an ice cave
 15715 | IceCv    | Found the +4 skin of Zhor {*Englaciate rC+++ SInv}
 16001 | IceCv    | Reached ***** piety under Sif Muna
 16240 | IceCv    | Received a gift from Sif Muna
 16246 | IceCv    | Got Sif Muna's Compilation of Conjuring {god gift}
 16252 | IceCv    | Learned a level 4 spell: Fulminant Prism
 17260 | Lair:5   | Entered Level 5 of the Lair of Beasts
 17354 | Lair:5   | Reached skill level 13 in Fire Magic
 17802 | Lair:5   | Found a transporter.
 17803 | Lair:5   | Found a transporter.
 18021 | Lair:5   | Found a runed translucent door.
 18021 | Lair:5   | Found a viscous altar of Jiyva.
 18024 | Lair:5   | Noticed an azure jelly
 18024 | Lair:5   | Noticed an azure jelly
 18025 | Lair:5   | Found a staircase to the Slime Pits.
 18025 | Lair:5   | Noticed an azure jelly
 18025 | Lair:5   | Noticed an azure jelly
 18116 | Lair:5   | Noticed Rofexkur's ghost (journeyman DrHu)
 18867 | Lair:5   | Found a corrupted altar of Lugonu.
 18870 | Lair:5   | Found a one-way gate to the infinite horrors of the Abyss.
 19523 | Lair:5   | Killed Rofexkur's ghost
 19754 | Lair:5   | Identified a scroll of acquirement
 19756 | Lair:5   | Acquired the ring of the Heavens {rPois rCorr AC+4}
 20039 | D:12     | Received a gift from Sif Muna
 20045 | D:12     | Got Sif Muna's Exposition on Radiant Accomplices {god gift}
 20378 | D:12     | Reached skill level 5 in Translocations
 20568 | D:12     | Noticed Azrael
 20580 | D:12     | Killed Azrael
 20817 | D:12     | Reached XP level 15. HP: 88/88 MP: 25/31
 20844 | D:12     | Found a staircase to the Orcish Mines.
 21110 | D:13     | Reached skill level 5 in Ice Magic
 21673 | D:13     | Found a gate to the Vaults.
 21769 | D:13     | Found a shimmering altar of Xom.
 21929 | D:14     | Reached skill level 1 in Shields
 22496 | D:14     | Found a transporter.
 22684 | D:14     | Noticed Xuittil's ghost (journeyman OpCK)
 22734 | D:14     | Reached skill level 14 in Fire Magic
 22936 | D:14     | Found a glowing golden altar of the Shining One.
 23177 | D:14     | Found a transporter.
 23286 | Orc:1    | Entered Level 1 of the Orcish Mines
 23445 | Orc:2    | Entered Level 2 of the Orcish Mines
 23732 | Orc:1    | Paralysed by an orc sorcerer for 3 turns
 24046 | Orc:2    | Received a gift from Sif Muna
 24052 | Orc:2    | Got Sif Muna's Verses on Elsewhere {god gift}
 24590 | Orc:2    | Found Patsymp's Distillery.
 24601 | Orc:2    | Bought a potion of heal wounds for 75 gold pieces
 24625 | Orc:2    | Found Noataday's Antique Armour Shop.
 24625 | Orc:2    | Noticed an orc warlord
 24631 | Orc:2    | Killed an orc warlord
 25279 | Orc:2    | Noticed Saint Roka
 25281 | Orc:2    | Reached XP level 16. HP: 75/95 MP: 14/32
 25285 | Orc:2    | Reached skill level 5 in Shields
 25512 | Orc:2    | Learned a level 5 spell: Fireball
 25556 | Orc:2    | Killed Saint Roka
 25636 | Orc:2    | Found Acimp's General Store.
 25716 | Orc:2    | Received a gift from Sif Muna
 25730 | Orc:2    | Got Piduch's Atlas of Ill Luck and Blasts {god gift}
 25791 | Orc:2    | Found Viukooc's General Store.
 25859 | Orc:2    | Bought a scroll of summoning for 133 gold pieces
 25859 | Orc:2    | Bought a potion of heal wounds for 70 gold pieces
 26026 | Orc:2    | Found a staircase to the Elven Halls.
 26120 | Orc:2    | Identified the +5 ring mail "Gocekle" {rElec rPois rC-
                  | Int+2}
 26360 | Swamp:1  | Entered Level 1 of the Swamp
 26553 | Swamp:1  | Identified the scarf "Xietu" {+Inv, Dex+8}
 27305 | Swamp:2  | Reached skill level 10 in Invocations
 27436 | Swamp:2  | Reached ****** piety under Sif Muna
 27782 | Swamp:2  | Received a gift from Sif Muna
 28758 | Swamp:3  | Reached XP level 17. HP: 99/99 MP: 27/34
 28980 | Swamp:4  | Entered Level 4 of the Swamp
 29097 | Swamp:4  | Found a transporter.
 29115 | Swamp:4  | Found a transporter.
 29120 | Swamp:4  | Noticed Gaskiar's ghost (adept FoHu)
 29169 | Swamp:4  | Reached skill level 15 in Fire Magic
 29330 | Swamp:4  | Received a gift from Sif Muna
 29342 | Swamp:4  | Reached skill level 5 in Dodging
 29359 | Swamp:4  | Mangled by a spriggan rider

Illustrated notes

Levels and vault maps discovered:
D:1:      shiori_arrival_oz, layout_basic
D:2:      layout_basic, nicolae_ecumenical_snake_handling
D:3:      layout_basic, nicolae_gozag_seed_capital, lemuel_tele_altar,
          serial_bayou, serial_bayou_pond_e, serial_bayou_pond_d,
          serial_bayou_shore_a, serial_bayou_pond_d
D:4:      layout_gridville, old_standard_altar, uniq_duvessa
D:5:      layout_loops_cross, nicolae_wu_jian_glorious_leap,
          lemuel_doored_altar, uniq_ijyb, uniq_edmund, uniq_grinder,
          uniq_menkaure
D:6:      layout_cave_pools, kennysheep_little_box, uniq_prince_ribbit1,
          uniq_crazy_yiuf_cottage, uniq_blork_the_orc, uniq_sigmund
D:7:      layout_gridville, minmay_temple_entry_water_ring, enter_bailey_8,
          dk_noncrumbling_3, st_stairs_11, grunt_ministairs_3
D:8:      layout_loops_ring, uniq_erica
D:9:      layout_loops_ring, nicolae_qazlal_eye_of_the_storm,
          mainiacjoe_overflow_concentric_impassable, nemelex_spade_bored_becter
D:10:     layout_basic, fedhas_altar_4, gammafunk_ghost_nasty_kobolds
D:11:     layout_basic, grunt_lair_entry_orc_guard_hut, hex_medium,
          hangedman_ranch
D:12:     layout_loops_corners, orc_0_dummy, minmay_misc_feat_secret_circle,
          uniq_azrael
D:13:     layout_cross, grunt_vaults_entry_fortified, tgw_xom
D:14:     layout_stronghold, fountainhead, gammafunk_ghost_mausoleum, drop_trap,
          tso_oasis_becter
Temple:   hellmonk_temple_forest_ring
Lair:1:   layout_roguey, chequers_serial_rivers_micro_e
Lair:2:   layout_regular_city, swamp_mist, minmay_snake_entry_six_corridors
Lair:3:   layout_loops_ring, nicolae_lair_run_with_the_wolves
Lair:4:   layout_small_grid, portal_ice_cave_entry_pillars_1,
          infiniplex_staircase_pool_2, lemuel_fruit_fields
Lair:5:   hellmonk_lair_end_abyssal_woods, layout_gridlike, slime_entry_2,
          gammafunk_ghost_hive, grunt_megastairs_4, infiniplex_staircase_pool
Swamp:1:  layout_basic_swamp, hangedman_swamp_blocks
Swamp:2:  layout_basic_swamp, evilmike_swamp_ruin_house_1,
          nicolae_swamp_dense_foliage
Swamp:3:  layout_falls_marsh, nicolae_swamp_small_spring
Swamp:4:  swamp_fiery, layout_basic_swamp, gammafunk_ghost_berserking_beasts
Orc:1:    layout_caves, serial_shops
Orc:2:    pubby_orc_utopia

Skill      XL: |  1  2  3  4  5  6  7  8  9 10 11 12 13 14 15 16 17 |
---------------+----------------------------------------------------+-----
Stealth        | 3 4 5 6 |  6.8
Fighting       | 1 2 3 4 |  4.0
Spellcasting   | 3 4 5 7 8 10 11 12 13 | 13.8
Conjurations   | 2 3 4 6 11 12 13 14 | 14.9
Fire Magic     | 4 5 6 7 8 9 11 12 13 14 15 | 15.1
Dodging        | 3 4 5 |  5.0
Hexes          | 1 2 3 |  3.0
Summonings     | 2 3 4 |  4.4
Short Blades   | 1 |  1.2
Invocations    | 3 6 8 9 10 11 | 11.0
Translocations | 2 5 6 |  6.0
Ice Magic      | 2 4 6 7 |  7.8
Shields        | 4 8 |  8.4
Staves         | |  0.4
Unarmed Combat | |  0.5
Earth Magic    | |  0.6

Action                     |  1- 3 |  4- 6 |  7- 9 | 10-12 | 13-15 | 16-18 || total
---------------------------+-------+-------+-------+-------+-------+-------++-------
  Melee: Unarmed           |    24 |       |       |       |       |       ||    24
         Tentacles         |     5 |     5 |     7 |     5 |    22 |     2 ||    46
         Constrict         |    10 |     5 |     5 |     6 |    22 |     2 ||    50
         Punch             |     1 |       |       |       |       |       ||     1
         Short sword       |    14 |    23 |    19 |       |       |       ||    56
         Dagger            |       |       |     4 |       |     9 |       ||    13
         Staff             |       |       |     3 |    17 |    67 |     5 ||    92
   Cast: Foxfire           |    54 |    87 |   149 |   162 |   216 |    38 ||   706
         Inner Flame       |       |     2 |    20 |    25 |     9 |     5 ||    61
         Scorch            |       |     1 |    24 |    83 |    70 |    12 ||   190
         Flame Wave        |       |       |     6 |    10 |    30 |       ||    46
         Summon Small Mamm |       |       |     1 |       |     1 |       ||     2
         Starburst         |       |       |       |    22 |   221 |   135 ||   378
         Stone Arrow       |       |       |       |     5 |    13 |       ||    18
         Iskenderun's Myst |       |       |       |    10 |    37 |    16 ||    63
         Blink             |       |       |       |       |     3 |     1 ||     4
         Metabolic Englaci |       |       |       |       |     6 |     2 ||     8
         Fulminant Prism   |       |       |       |       |     1 |     1 ||     2
         Fireball          |       |       |       |       |       |    34 ||    34
 Invoke: Channel Magic     |       |       |       |     2 |     5 |     1 ||     8
    Use: Scroll            |       |     5 |     4 |     8 |    12 |     3 ||    32
         Potion            |       |     1 |    11 |     2 |     2 |     1 ||    17
   Stab: Sleeping          |     4 |     7 |     1 |     3 |     2 |       ||    17
         Distracted        |       |       |       |       |     1 |       ||     1
 Armour: Skin              |     4 |     2 |     5 |     1 |    18 |     8 ||    38
  Dodge: Dodged            |    34 |    19 |    63 |    46 |   161 |    36 ||   359
  Block: Buckler           |       |       |       |       |    15 |    12 ||    27

Table legend: (Time is in decaauts)
 A = Elapsed time spent in this place.
 B = Non-inter-level travel time spent in this place.
 C = Inter-level travel time spent in this place.
 D = Time resting spent in this place.
 E = Time spent auto-exploring this place.
 F = Levels seen in this place.
 G = Mean time per level.
                   A        B        C        D        E       F      G
               +--------+--------+--------+--------+--------+-----+--------+
         Total |  29459 |  28523 |    936 |   2264 |  17694 |  29 | 1015.8 |
       Dungeon |  14640 |  14025 |    615 |    921 |   8833 |  14 | 1045.7 |
        Temple |    117 |    110 |      7 |      0 |      0 |   1 |  117.0 |
          Lair |   6857 |   6636 |    221 |    417 |   4518 |   5 | 1371.4 |
         Swamp |   3041 |   3021 |     20 |    270 |   1964 |   4 |  760.2 |
  Orcish Mines |   2957 |   2886 |     71 |    292 |   1721 |   2 | 1478.5 |
         Abyss |     27 |     27 |      0 |      0 |      0 |   1 |   27.0 |
        Bailey |    931 |    931 |      0 |    258 |    236 |   1 |  931.0 |
      Ice Cave |    885 |    885 |      0 |    106 |    421 |   1 |  885.0 |
               +--------+--------+--------+--------+--------+-----+--------+

Top non-repeatable levels by time:
  Lair:5: 2596 daAuts
   Orc:2: 2337 daAuts
  Lair:4: 1503 daAuts
     D:5: 1477 daAuts
    D:10: 1226 daAuts
    D:12: 1213 daAuts
    D:11: 1151 daAuts
    D:13: 1116 daAuts
     D:4: 1111 daAuts
     D:2: 1096 daAuts
  Lair:3: 1016 daAuts
    D:14: 1001 daAuts
     D:3: 995 daAuts
     D:7: 975 daAuts
  Lair:2: 950 daAuts
